 Dungeon Crawl Stone Soup version 0.32-a0-18-g89e19f1974 (webtiles) character file.

Game seed: 2665391408176440491

55 Xavori the Trooper (level 4, 26/26 (35) HPs)
             Began as a Djinni Chaos Knight on Jan 16, 2024.
             Was a Plaything of Xom.
             Quit the game on level 1 of the Dungeon.
             The game lasted 00:01:31 (9671 turns).

Xavori the Trooper (Djinni Chaos Knight)            Turns: 9671, Time: 00:01:32

HP:   26/26 (35)    AC:  5    Str: 10 (11) XL:     4   Next: 14%
Gold: 53            EV: 12    Int: 19      God:    Xom [....*.] SH:  0 Dex: 13

rFire   + + .        a - +0 falchion (chaos)
rCold   x . .        (no shield)
rNeg    . . .        b - +2 leather armour
rPois   ∞            (no helmet)
rElec   .            (no cloak)
rCorr   .            (no gloves)
SInv    .            (boots unavailable)
Will    .....        (no amulet)
Stlth   ++           h - +6 ring of intelligence
HPRegen 0.24/turn    (no ring)
MPRegen 0.00/turn

%: no passive effects
@: flying, very heavily drained
A: sickness immunity, fire resistance 2, cold vulnerability 1, float, innate
caster, HP casting, extra vitality 1, camouflage 1, clumsy 1, deterioration 1,
screaming 1, persistent drain
a: Renounce Religion


You were on level 1 of the Dungeon.
You worshipped Xom.
You were a beloved toy of Xom.
You visited 1 branch of the dungeon, and saw 2 of its levels.

You collected 53 gold pieces.

Inventory:

Hand Weapons
 a - a +0 falchion of chaos (weapon)
Armour
 b - a +2 leather armour (worn)
Jewellery
 h - a +6 ring of intelligence (left hand)
Scrolls
 c - a scroll of butterflies
 d - a scroll of identify {unknown}
 e - a scroll of fog {unknown}
 f - a scroll of revelation {unknown}
 j - a scroll of vulnerability {unknown}
 k - a scroll of silence {unknown}
Potions
 g - 2 potions of curing {unknown}
 i - 2 potions of attraction {unknown}
 l - a potion of cancellation {unknown}


   Skills:
 + Level 3.3 Fighting
 + Level 3.0 Long Blades
 + Level 1.6 Armour
 + Level 2.6 Dodging
 * Level 1.3 Spellcasting
 * Level 1.3 Conjurations
 * Level 1.3 Hexes
   Level 0.0 Charms
 * Level 1.3 Summonings
 * Level 1.3 Necromancy
 * Level 1.3 Translocations
   Level 0.0 Transmutations
 * Level 1.3 Fire Magic
 * Level 1.3 Ice Magic
 * Level 1.3 Air Magic
 * Level 1.3 Earth Magic
 * Level 1.3 Alchemy


You knew the following spells:

 Your Spells              Type           Power      Damage    Failure   Level
a - Foxfire               Conj/Fire      24%        2x1d5     14%         1
Your spell library was empty.

Dungeon Overview and Level Annotations

Branches:
Dungeon (2/15)

Altars:


Innate Abilities, Weirdness & Mutations

You are immune to sickness and miasma.
You are immune to poison.
Your flesh is very heat resistant. (rF++)
You are vulnerable to cold. (rC-)
You float through the air rather than walking.
You learn spells naturally, not from books.
Your magical power is your life essence.
You have superior vitality. (+4 MHP)
Your skin changes colour to match your surroundings (Stealth+).
You are clumsy. (Dex -2)
Your body sometimes deteriorates upon taking damage.
You occasionally shout uncontrollably at your foes.
Your health recovers twice as slowly from being drained.


Message History

"Let me alter your body."
Your body is suffused with distortional energy.
You feel clumsy.
You feel frail.
You feel stupid.
You are now a toy of Xom.
You start waiting.
Xom makes a sudden noise!
You hear a bellow!
You are now a special plaything of Xom.
You start waiting.
Done waiting.
You start waiting.
Done waiting.
You fly downwards.
There is a stone staircase leading up here.
An adder comes into view.
An adder is nearby!
An adder is nearby!
You slash the adder! You drain the adder.
You kill the adder!
You have reached level 4!
You feel agile.
Unknown command.
You start resting.
HP restored.
There is a stone staircase leading up here.
You fly upwards.
There is a stone staircase leading down here.
You see here a book of Spontaneous Combustion.
You start waiting. "You need some minor improvements, mortal!"
Your body is suffused with distortional energy.
You begin to recover more slowly from draining effects.
You feel slightly disoriented.
You start waiting.
Done waiting.
You start waiting.
Done waiting.
You start waiting. "Suffer!"
You feel drained.
You are now a beloved toy of Xom.
Are you sure you want to abandon this character and quit the game? (Confirm with "yes".)

#.# #.# #.# #.# #.# #.# #.# #.#
#.# #.# #.# #.# #.#
#.########.############## #.#
#.......##...............
#.#####.......##..............#
#..[..........#..############.#
#######.......@................
#.###'###############...# #.#
#.# #...............# #.# #.#
#.#.............# #.###.#
#.#.#########...# #.....#
#.#.#.......#...# #######
#.#.#.....#.#...#
#.#.#####.#'#...#
#.#.............#


There were no monsters in sight!

Vanquished Creatures
  A gnoll (D:1)
  2 adders (D:2)
  2 ball pythons (D:1)
  3 endoplasms (D:1)
  A giant cockroach (D:1)
  5 hobgoblins (D:1)
  A jackal (D:1)
  2 kobolds
  A quokka (D:1)
  4 bats
  3 frilled lizards (D:1)
  A goblin (D:1)
  A rat (D:1)
27 creatures vanquished.

Notes
Turn   | Place    | Note
-------+----------+-------------------------------------------
     0 | D:1      | Xavori the Djinni Chaos Knight began the quest for the Orb.
     0 | D:1      | Reached XP level 1. HP: 20/20 MP: 0/0
     7 | D:1      | XOM: silly message
   130 | D:1      | XOM: silly message
   165 | D:1      | XOM: smoke on damage
   186 | D:1      | Reached XP level 2. HP: 20/25 MP: 0/0
   366 | D:1      | Reached skill level 1 in Spellcasting
   366 | D:1      | Reached skill level 1 in Conjurations
   366 | D:1      | Reached skill level 1 in Hexes
   366 | D:1      | Reached skill level 1 in Summonings
   366 | D:1      | Reached skill level 1 in Necromancy
   366 | D:1      | Reached skill level 1 in Translocations
   366 | D:1      | Reached skill level 1 in Fire Magic
   366 | D:1      | Reached skill level 1 in Ice Magic
   366 | D:1      | Reached skill level 1 in Air Magic
   366 | D:1      | Reached skill level 1 in Earth Magic
   366 | D:1      | Reached skill level 1 in Alchemy
   366 | D:1      | Reached XP level 3. HP: 20/30 MP: 0/0
   366 | D:1      | Learned a level 1 spell: Foxfire
   815 | D:1      | XOM: silly message
  1264 | D:1      | XOM: scenery: 1 doors close
  1397 | D:1      | XOM: summons 3 hostile shadow creatures
  1631 | D:1      | XOM: summons 2 hostile demons
  1773 | D:1      | XOM: cloud trail
  2189 | D:1      | XOM: summons 1 hostile shadow creature
  2499 | D:1      | XOM: give mutations
  2499 | D:1      | Gained mutation: You are weak. (Str -2) [Xom's mischief]
  2499 | D:1      | Gained mutation: You passively map a small area around you.
                  | [Xom's mischief]
  2499 | D:1      | Gained mutation: You have hidden genetic defects. [Xom's
                  | mischief]
  2952 | D:1      | XOM: noise
  3868 | D:1      | XOM: silly message
  4740 | D:1      | XOM: give mutations
  4740 | D:1      | Lost mutation: You have hidden genetic defects. [Xom's
                  | mischief]
  4740 | D:1      | Gained mutation: You are covered in fur. (AC +1) [Xom's
                  | mischief]
  4798 | D:1      | XOM: summons 2 hostile demons
  4799 | D:1      | Noticed an ice devil
  5013 | D:1      | XOM: summons 3 hostile shadow creatures
  5335 | D:1      | XOM: silly message
  5541 | D:1      | XOM: give mutations
  5541 | D:1      | Gained mutation: You occasionally lose the ability to drink
                  | potions when taking damage. [Xom's mischief]
  5541 | D:1      | Lost mutation: You are weak. (Str -2) [Xom's mischief]
  5541 | D:1      | Lost mutation: You occasionally lose the ability to drink
                  | potions when taking damage. [Xom's mischief]
  5541 | D:1      | Gained mutation: You occasionally shout uncontrollably at
                  | your foes. [Xom's mischief]
  5801 | D:1      | XOM: give mutations
  5801 | D:1      | Lost mutation: You are covered in fur. (AC +1) [Xom's
                  | mischief]
  5801 | D:1      | Gained mutation: Your mind is acute. (Int +4, Str/Dex -1)
                  | [Xom's mischief]
  5801 | D:1      | Lost mutation: Your mind is acute. (Int +4, Str/Dex -1)
                  | [Xom's mischief]
  5858 | D:1      | XOM: draining
  6524 | D:1      | XOM: noise
  6671 | D:1      | XOM: stat loss: -1 Str (10/11)
  6897 | D:1      | XOM: summons 1 hostile shadow creature
  7003 | D:1      | XOM is BORED!
  7003 | D:1      | XOM: torment (14/25 hp)
  7044 | D:1      | XOM: summons 2 hostile demons
  7045 | D:1      | Noticed a red devil
  7322 | D:1      | XOM: give mutations
  7322 | D:1      | Gained mutation: Your skin changes colour to match your
                  | surroundings (Stealth+). [Xom's mischief]
  7322 | D:1      | Gained mutation: Your body sometimes deteriorates upon
                  | taking damage. [Xom's mischief]
  7403 | D:1      | XOM: divination: detect items
  7641 | D:1      | XOM: silly message
  7800 | D:1      | XOM: cloud trail
  8188 | D:1      | XOM: give mutations
  8188 | D:1      | Gained mutation: You are robust. (+10% HP) [Xom's grace]
  8188 | D:1      | Gained mutation: Your mind is acute. (Int +4, Str/Dex -1)
                  | [Xom's grace]
  8268 | D:1      | XOM: god gift: book of Spontaneous Combustion
  9072 | D:1      | XOM: scenery: 1 doors open
  9139 | D:1      | XOM is BORED!
  9139 | D:1      | XOM: give mutations
  9139 | D:1      | Gained mutation: You are clumsy. (Dex -2) [Xom's mischief]
  9139 | D:1      | Lost mutation: You are robust. (+10% HP) [Xom's mischief]
  9139 | D:1      | Lost mutation: Your mind is acute. (Int +4, Str/Dex -1)
                  | [Xom's mischief]
  9223 | D:1      | XOM: noise
  9430 | D:2      | Reached XP level 4. HP: 30/31 MP: 0/0
  9455 | D:1      | XOM: give mutations
  9455 | D:1      | Gained mutation: Your health recovers twice as slowly from
                  | being drained. [Xom's mischief]
  9455 | D:1      | Lost mutation: You passively map a small area around you.
                  | [Xom's mischief]
  9670 | D:1      | XOM: draining
  9671 | D:1      | Quit the game

Illustrated notes

Levels and vault maps discovered:
D:1:      psy_arrival_spokes, layout_basic, st_stairs_6, minmay_vboxes
D:2:      minmay_skewed_foursquare, layout_rooms, minmay_tetromino_o2

Skill      XL: |  1  2  3 |
---------------+----------+-----
Spellcasting   | 1 |  1.3
Conjurations   | 1 |  1.3
Hexes          | 1 |  1.3
Summonings     | 1 |  1.3
Necromancy     | 1 |  1.3
Translocations | 1 |  1.3
Fire Magic     | 1 |  1.3
Ice Magic      | 1 |  1.3
Air Magic      | 1 |  1.3
Earth Magic    | 1 |  1.3
Alchemy        | 1 |  1.3
Long Blades    | 3 |  3.0
Fighting       | |  3.3
Armour         | |  1.6
Dodging        | |  2.6

Action                     |  1- 3 |  4- 6 || total
---------------------------+-------+-------++-------
  Melee: Falchion          |    82 |       ||    82
 Armour: Leather armour    |    81 |       ||    81
  Dodge: Dodged            |    72 |       ||    72

Table legend: (Time is in decaauts)
 A = Elapsed time spent in this place.
 B = Non-inter-level travel time spent in this place.
 C = Inter-level travel time spent in this place.
 D = Time resting spent in this place.
 E = Time spent auto-exploring this place.
 F = Levels seen in this place.
 G = Mean time per level.
                   A        B        C        D        E       F      G
               +--------+--------+--------+--------+--------+-----+--------+
         Total |   9691 |   9678 |     13 |   8621 |    831 |   2 | 4845.5 |
       Dungeon |   9691 |   9678 |     13 |   8621 |    831 |   2 | 4845.5 |
               +--------+--------+--------+--------+--------+-----+--------+

Top non-repeatable levels by time:
     D:1: 8983 daAuts
     D:2: 707 daAuts
